 Dungeon Crawl Stone Soup version 0.23.2-1-ga50397a (webtiles) character file.

Game seed: 6555763055259416495

140 Fang the Skirmisher (level 5, -5/33 HPs)
             Began as a Gargoyle Berserker on May 31, 2019.
             Was a Believer of Trog.
             Slain by a worm (6 damage)
             ... on level 3 of the Dungeon.
             The game lasted 00:04:30 (2233 turns).

Fang the Skirmisher (Gargoyle Berserker)            Turns: 2233, Time: 00:04:30

Health: -5/33      AC:  6    Str: 21    XL:     5   Next: 23%
Magic:  5/5        EV: 12    Int:  8    God:    Trog [**....]
Gold:   89         SH:  0    Dex:  9    Spells: 4/4 levels left

rFire    . . .     SeeInvis .   a - +0 hand axe
rCold    . . .     Gourm    .   (no shield)
rNeg     + . .     Faith    .   b - +0 animal skin
rPois    ∞         Spirit   .   (no helmet)
rElec    +         Reflect  .   f - scarf {cloud immunity}
rCorr    .         Harm     .   (no gloves)
MR       .....                  (no boots)
Stlth    ..........             (no amulet)
HPRegen  0.11/turn              l - ring of attention (curse)
MPRegen  0.09/turn              (no ring)

@: no status effects
A: negative energy resistance 1, electricity resistance, unbreathing,
petrification resistance, rot immunity, AC +4
a: Berserk, Trog's Hand, Renounce Religion


You were on level 3 of the Dungeon.
You worshipped Trog.
Trog was pleased with you.
You were not hungry.

You visited 1 branch of the dungeon, and saw 3 of its levels.

You collected 89 gold pieces.

Inventory:

Hand Weapons
 a - a +0 hand axe (weapon)
Armour
 b - a +0 animal skin (worn)
 f - a scarf of cloud immunity (worn)
Jewellery
 l - a cursed ring of attention (left hand)
Scrolls
 d - 2 scrolls of identify {unknown}
 h - 2 scrolls of enchant weapon {unknown}
 m - 2 scrolls of fear {unknown}
 o - a scroll of remove curse {unknown}
 r - a scroll of random uselessness {unknown}
Potions
 e - a potion of mutation {unknown}
 g - a potion of might {unknown}
 i - a potion of magic {unknown}
 j - 3 potions of curing {unknown}
 k - 2 potions of brilliance {unknown}
 n - 2 potions of haste {unknown}
 p - a potion of berserk rage {unknown}
Comestibles
 c - 4 rations


   Skills:
 + Level 4.2 Fighting
 + Level 3.4 Axes
 + Level 3.4 Armour
 + Level 2.5 Dodging


You had 4 spell levels left.
You didn't know any spells.
Your spell library was empty.

Dungeon Overview and Level Annotations

Branches:
Dungeon (3/15)

Altars:
Gozag
Nemelex Xobeh
Yredelemnul
The Shining One

Shops:
D:2 *


Innate Abilities, Weirdness & Mutations

You are resistant to torment.
Your stone body is resilient. (AC +4)
You are immune to poison.
You resist negative energy. (rN+)
You are resistant to electric shocks. (rElec)
You can survive without breathing.
You are immune to petrification.
You are immune to rotting.


Message History

The adder barely misses you.
You miss the adder. You hit the worm. The adder bites you.
* * * LOW HITPOINT WARNING * * *
The worm completely misses you. The adder bites you.
* * * LOW HITPOINT WARNING * * *
You slash the adder!
The adder is severely wounded.
You hit the worm. The adder bites you but does no damage. The worm bites you.
* * * LOW HITPOINT WARNING * * *
You miss the adder.
The adder is severely wounded.
You hit the worm. The adder closely misses you.
The adder bites you but does no damage.
All of the chunks of flesh in your inventory have rotted away.
You hit the adder.
You kill the adder!
Trog accepts your kill.
You hit the worm. The worm closely misses you. The worm bites you.
You die...

#### #...# #.).# #.
##.## #. # #.# #. ..
#.# #. ...
######.#####.####...
...................
###.##.##.####w.#
............@.#
#.###.#.##.......# #
#.#.##.##.##.# .
..##.# .# #
##.####.# .# #. #.#
.# . #.# .# ?. ...
.$


You could see a worm.

Vanquished Creatures
  Terence (D:2)
  4 adders
  2 oozes (D:3)
  4 worms
  A leopard gecko (D:2)
  An orc (D:3)
  2 giant cockroaches (D:2)
  3 goblins
  7 hobgoblins
  8 jackals (D:1)
  8 kobolds
  A quokka (D:2)
  A ball python (D:1)
  6 bats
  5 frilled lizards
  4 rats
58 creatures vanquished.

Notes
Turn   | Place    | Note
-------+----------+-------------------------------------------
     0 | D:1      | Fang the Gargoyle Berserker began the quest for the Orb.
     0 | D:1      | Reached XP level 1. HP: 14/14 MP: 1/1
   259 | D:1      | Reached XP level 2. HP: 17/19 MP: 2/2
   821 | D:2      | Reached XP level 3. HP: 18/23 MP: 3/3
  1202 | D:2      | Reached XP level 4. HP: 11/29 MP: 4/4
  1409 | D:2      | Reached ** piety under Trog
  1424 | D:2      | Noticed Terence
  1433 | D:2      | Killed Terence
  1433 | D:2      | Reached skill level 4 in Fighting
  1475 | D:2      | Found an opulent altar of Gozag.
  1476 | D:2      | Found Gozag's Platinum Reserve.
  1529 | D:2      | Found a sparkling altar of Nemelex Xobeh.
  1918 | D:3      | Found a basalt altar of Yredelemnul.
  1997 | D:3      | Reached XP level 5. HP: 20/33 MP: 5/5
  2158 | D:3      | Found a glowing golden altar of the Shining One.
  2230 | D:3      | HP: 1/33 [worm (3)]
  2233 | D:3      | Slain by a worm

Skill      XL: |  1  2  3  4 |
---------------+-------------+-----
Axes           | 3 |  3.4
Dodging        | 2 |  2.5
Armour         | 3 |  3.4
Fighting       | 4 |  4.2

Action                   |  1- 3 |  4- 6 || total
-------------------------+-------+-------++-------
Melee: Hand axe          |   107 |    95 ||   202
Invok: Berserk           |     1 |     2 ||     3
  Eat: Chunk             |     2 |     5 ||     7
Armor: Animal skin       |    32 |    48 ||    80
Dodge: Dodged            |    80 |    79 ||   159
